 Dungeon Crawl Stone Soup version 0.30-a0-54-g2e61a25929 (webtiles) character file.

Game seed: 13605262918537657970

25734 LnG the Severer (level 13, 0/116 HPs)
             Began as a Hill Orc Fighter on Sept 6, 2022.
             Was a Priest of Uskayaw.
             Slain by a 13-headed hydra (9 damage)
             ... on level 1 of the Lair of Beasts on Sept 7, 2022.
             The game lasted 02:03:32 (24602 turns).

LnG the Severer (Hill Orc Fighter)                 Turns: 24602, Time: 02:03:33

Health: 0/116      AC: 15    Str: 23    XL:     13   Next: 21%
Magic:  13/13      EV: 12    Int:  7    God:    Uskayaw [***...]
Gold:   557        SH:  6    Dex: 14    Spells: 12/12 levels left

rFire   + . .      SeeInvis .    F - +8 war axe (vorpal)
rCold   x . .      Faith    .    c - +0 buckler
rNeg    . . .      Spirit   .    s - +2 scale mail {Will+}
rPois   +          Reflect  .    G - +0 helmet
rElec   .          Harm     .    B - +0 cloak {rPois}
rCorr   .          Rampage  .    (no gloves)
Will    ++...                    y - +0 pair of boots {Fly}
Stlth   ++........               (no amulet)
HPRegen 0.29/turn                r - ring of fire
MPRegen 0.13/turn                h - ring of willpower

@: flying, invisible
A: hooves 2, agile 1
a: Renounce Religion, Stomp, Line Pass


You were on level 1 of the Lair of Beasts.
You worshipped Uskayaw.
Uskayaw was noncommittal.
You visited 3 branches of the dungeon, and saw 16 of its levels.
You also visited: Bailey.

You collected 905 gold pieces.
You spent 348 gold pieces at shops.

Inventory:

Hand Weapons
 a - a +0 war axe of venom
 m - a +2 double sword of holy wrath
 F - a +8 vorpal war axe (weapon)
Missiles
 d - 24 boomerangs (quivered)
 v - 2 throwing nets
Armour
 b - a +0 scale mail
 c - a +0 buckler (worn)
 s - a +2 scale mail of willpower (worn)
 u - +0 ice dragon scales
 y - a +0 pair of boots of flying (worn)
 B - a +0 cloak of poison resistance (worn)
 G - a +0 helmet (worn)
Jewellery
 h - a ring of willpower (right hand)
 i - a ring of wizardry
 l - a ring of resist corrosion
 r - a ring of fire (left hand)
 z - a +6 ring of dexterity
Wands
 t - a wand of roots (17)
 w - a wand of acid (4)
 D - a wand of flame (11)
Scrolls
 e - 2 scrolls of vulnerability
 n - 3 scrolls of poison
 C - a scroll of fog
 E - 3 scrolls of amnesia
 H - 4 scrolls of immolation
 I - 2 scrolls of magic mapping
 K - a scroll of noise
Potions
 f - a potion of lignification
 g - 4 potions of mutation
 j - 6 potions of flight
 k - 3 potions of brilliance
 o - a potion of might
 q - 4 potions of attraction
 A - a potion of ambrosia {unknown}
 M - a potion of berserk rage {unknown}
Miscellaneous
 x - a phantom mirror (inert)
 J - a phial of floods


   Skills:
 + Level 11.3 Fighting
 + Level 17.1 Axes
 + Level 3.0 Throwing
 + Level 11.7 Armour
 + Level 4.8 Dodging
 + Level 5.5 Stealth
 + Level 7.8 Shields
 + Level 0.2 Evocations


You had 12 spell levels left.
You didn't know any spells.
Your spell library contained the following spells:

 Spells                   Type           Power      Damage    Failure   Level
 Blink                    Tloc           0%         N/A       88%         2
 Ensorcelled Hibernation  Hex/Ice        0%         N/A       88%         2
 Passwall                 Tmut/Erth      0%         N/A       88%         2
 Call Canine Familiar     Summ           0%         N/A       98%         3
 Portal Projectile        Hex/Tloc       0%         N/A       98%         3
 Swiftness                Air            0%         N/A       98%         3
 Leda's Liquefaction      Hex/Erth       0%         N/A       100%        4
 Summon Lightning Spire   Summ/Air       0%         N/A       100%        4
 Manifold Assault         Tloc           0%         N/A       100%        5
 Storm Form               Tmut/Air       0%         N/A       100%        7
 Maxwell's Capacitive Co  Air            0%         ∞         100%        8


Dungeon Overview and Level Annotations

Branches:
Dungeon (14/15)            Temple (1/1) D:4            Lair (1/5) D:10
    Orc (0/2) D:12         Bailey (visited)
 Vaults: D:13-14

Altars:
Ashenzari
Cheibriados
Dithmenos
Elyvilon
Fedhas
Gozag
Hepliaklqana
Kikubaaqudgha
Makhleb
Nemelex Xobeh
Okawaru
Qazlal
Ru
Sif Muna
Trog
Uskayaw
Vehumet
Wu Jian
Xom
Yredelemnul
Zin
The Shining One
Beogh

Shops:
D:2 ?   D:13 (:((*   D:14 :

Annotations:
D:8 2 runed translucent doors, hquester1's ghost, novice MiFi
D:10 3 runed translucent doors, trogdor248's ghost, journeyman DrCA
D:11 3 runed translucent doors, innerfire433's ghost, journeyman DsMo


Innate Abilities, Weirdness & Mutations

You have hoof-like feet.
You are agile. (Dex +4, Str/Int -1)


Message History

The 11-headed hydra barely misses you. The 11-headed hydra bites you.
You block the 11-headed hydra's attack. x2; The 11-headed hydra bites you. x2
The 11-headed hydra bites you but does no damage.
The 11-headed hydra closely misses you. x2; The 11-headed hydra bites you.
Uskayaw will force your foes to helplessly watch your dance.
Uskayaw prepares the audience for your solo!
The helpless 11-headed hydra fails to defend itself.
You lop one of the 11-headed hydra's heads off!
The ten-headed hydra grows two more!
You slice the 12-headed hydra!!
The 12-headed hydra is almost dead.
The 12-headed hydra is no longer paralysed.
The 12-headed hydra bites you but does no damage.
The 12-headed hydra closely misses you.
The 12-headed hydra barely misses you. x2
The 12-headed hydra bites you!
* * * LOW HITPOINT WARNING * * *
You block the 12-headed hydra's attack.
The 12-headed hydra bites you but does no damage. x2
The 12-headed hydra closely misses you. The 12-headed hydra misses you.
The 12-headed hydra bites you!
* * * LOW HITPOINT WARNING * * *
The 12-headed hydra closely misses you.
You feel much better. You block the 12-headed hydra's attack.
The 12-headed hydra completely misses you.
The 12-headed hydra bites you.
* * * LOW HITPOINT WARNING * * *
The 12-headed hydra closely misses you. The 12-headed hydra barely misses you.
The 12-headed hydra bites you!
* * * LOW HITPOINT WARNING * * *
The 12-headed hydra bites you.
* * * LOW HITPOINT WARNING * * *
The 12-headed hydra bites you but does no damage. x3
The 12-headed hydra barely misses you. The 12-headed hydra bites you!
* * * LOW HITPOINT WARNING * * *
You lop one of the 12-headed hydra's heads off!
The 11-headed hydra grows two more!
You slash the 13-headed hydra!
The 13-headed hydra is severely wounded.
As you read the scroll of fog, it crumbles to dust.
The scroll dissolves into smoke.
The 13-headed hydra barely misses you. The 13-headed hydra bites you!
You die...

.........####..........#.##.# #
.........# #..........####..# #
.........#P#..........# ##.#####
......................####.......
...................[.............
#...........####.................
#..#.###.#..# ##§§#########.#####
...### ##...# #§§§# #..# #..#
##..# ##@§# ##.# #..# .. #D§#
#..# #... ##§§# ##.# ...# #...#
#.# ##..###.#####.#
.............#####
...................
..................##
..........#######..#


You could see a 13-headed hydra (unable to see you).

Vanquished Creatures
  Josephine (D:13)
  A vault guard (D:13)
  A hydra (D:13)
  A centaur warrior (D:13)
  A two-headed ogre (D:12)
  A death yak (D:12)
  Urug (D:10)
  A deep elf pyromancer (D:14)
  2 manticores (D:12)
  2 cyclopes
  A harpy (shapeshifter) (D:13)
  4 ugly things (D:14)
  Maurice (D:8)
  A gargoyle (D:13)
  A cane toad (Lair:1)
  2 efreet (D:13)
  2 komodo dragons
  2 trolls
  2 polar bears (D:12)
  3 blink frogs
  A hornet (D:10)
  14 slime creatures
  Sigmund (D:4)
  3 centaur simulacra (D:12)
  6 wraiths
  13 yaks
  Grum (D:10)
  A steam dragon (D:8)
  2 vampire mosquitoes (D:12)
  A water moccasin (D:6)
  A meliai simulacrum (D:12)
  17 orc warriors
  6 ice beasts (D:12)
  8 black bears
  An ogre (D:7)
  3 sky beasts
  5 wolves
  4 centaurs
  A phantom (D:6)
  7 bullfrogs
  A kobold brigand (D:10)
  A gnoll sergeant (D:5)
  4 scorpions
  3 wights (D:9)
  16 killer bees
  A howler monkey (D:6)
  2 electric eels
  4 hounds
  6 orc priests
  A gnoll bouda (D:5)
  A jelly (D:8)
  4 iguanas
  9 orc wizards
  12 gnolls
  3 adders
  A shadow imp (D:7)
  6 white imps
  3 worms
  3 dart slugs
  60 orcs
  12 ball pythons
  8 endoplasms
  3 giant cockroaches
  12 goblins
  14 hobgoblins
  5 jackals
  20 kobolds
  4 quokkas
  2 bats (D:1)
  2 frilled lizards (D:2)
  3 rats (D:1)
353 creatures vanquished.

Vanquished Creatures (collateral kills)
  A hydra (D:12)
1 creature vanquished.

Vanquished Creatures (others)
  A white imp (D:12)
  An endoplasm (D:4)
  26 fungi (D:10)
  25 plants
  2 withered plants (D:8)
55 creatures vanquished.

Grand Total: 409 creatures vanquished

Notes
Turn   | Place    | Note
-------+----------+-------------------------------------------
     0 | D:1      | LnG the Hill Orc Fighter began the quest for the Orb.
     0 | D:1      | Reached XP level 1. HP: 19/19 MP: 1/1
   116 | D:1      | Reached XP level 2. HP: 11/27 MP: 2/2
   497 | D:1      | Reached skill level 3 in Axes
   805 | D:1      | Reached XP level 3. HP: 24/33 MP: 3/3
  1189 | D:2      | Found Hyhergh's Magic Scroll Emporium.
  1197 | D:2      | Bought a scroll of identify for 24 gold pieces
  1888 | D:2      | Bought a scroll of identify for 24 gold pieces
  1973 | D:3      | Reached XP level 4. HP: 40/41 MP: 4/4
  2180 | D:3      | Found an ancient bone altar of Kikubaaqudgha.
  2393 | D:3      | Found a faded altar of an unknown god.
  2398 | D:4      | Noticed a black bear
  2399 | D:4      | Noticed a black bear
  3176 | D:4      | Noticed a black bear
  3192 | D:4      | Killed a black bear
  3193 | D:4      | Reached skill level 4 in Axes
  3193 | D:4      | Reached XP level 5. HP: 19/47 MP: 5/5
  3405 | D:4      | Noticed Sigmund
  3413 | D:4      | Killed Sigmund
  3414 | D:4      | Reached skill level 5 in Axes
  3414 | D:4      | Reached XP level 6. HP: 41/55 MP: 6/6
  3446 | D:4      | Found a staircase to the Ecumenical Temple.
  3450 | Temple   | Entered the Ecumenical Temple
  3612 | D:4      | Reached skill level 5 in Fighting
  3613 | D:4      | Killed a black bear
  3614 | D:4      | Reached skill level 6 in Axes
  3614 | D:4      | Reached skill level 5 in Armour
  3614 | D:4      | Reached XP level 7. HP: 33/61 MP: 7/7
  3728 | D:4      | Reached skill level 1 in Dodging
  4256 | D:4      | Found a radiant altar of Vehumet.
  4585 | D:5      | Entered Level 5 of the Dungeon
  4596 | D:5      | Reached skill level 7 in Axes
  5106 | D:5      | Noticed a yak
  5161 | D:5      | Killed a yak
  5162 | D:5      | Reached XP level 8. HP: 70/70 MP: 8/8
  5237 | D:5      | Noticed a yak
  5250 | D:5      | Noticed a yak
  5251 | D:5      | Noticed a yak
  5294 | D:4      | Killed a yak
  5295 | D:4      | Reached skill level 8 in Axes
  5720 | D:5      | Found a bloodstained altar of Trog.
  5720 | D:5      | Found a snail-covered altar of Cheibriados.
  6225 | D:5      | Reached skill level 9 in Axes
  6873 | D:6      | Reached XP level 9. HP: 65/78 MP: 9/9
  7166 | D:6      | Reached skill level 1 in Stealth
  7291 | D:6      | Reached skill level 10 in Axes
  8016 | D:7      | Found a flagged portal.
  8022 | Bailey   | Entered a bailey
  8218 | Bailey   | Reached skill level 1 in Throwing
  8314 | Bailey   | Reached skill level 5 in Shields
  8318 | Bailey   | Reached skill level 11 in Axes
  9222 | D:7      | Noticed a cyclops
  9238 | D:7      | Noticed a cyan ugly thing
  9977 | D:7      | Reached XP level 10. HP: 52/86 MP: 10/10
 10575 | D:7      | Reached skill level 12 in Axes
 11249 | D:8      | Found a runed translucent door.
 11250 | D:8      | Noticed hquester1's ghost (novice MiFi)
 11295 | D:8      | Found an opulent altar of Gozag.
 11575 | D:8      | Noticed Maurice
 11772 | D:8      | Killed Maurice
 12327 | D:8      | Found a runed translucent door.
 12327 | D:8      | Found a burning altar of Makhleb.
 12327 | D:8      | Noticed a sixfirhy
 13576 | D:9      | Reached skill level 13 in Axes
 14093 | D:9      | Found a shimmering altar of Xom.
 14589 | D:10     | Entered Level 10 of the Dungeon
 14992 | D:10     | Noticed Urug
 14992 | D:10     | Noticed Grum
 15296 | D:10     | Found a runed translucent gate.
 15296 | D:10     | Noticed a two-headed ogre
 15296 | D:10     | Noticed a cyclops
 15297 | D:10     | Found a runed translucent gate.
 15297 | D:10     | Noticed trogdor248's ghost (journeyman DrCA)
 15298 | D:10     | Found a runed translucent gate.
 15332 | D:10     | Reached XP level 11. HP: 90/95 MP: 11/11
 15455 | D:10     | Reached skill level 14 in Axes
 15456 | D:10     | Found a staircase to the Lair.
 15513 | D:10     | Found a hide-covered altar of Uskayaw.
 15622 | D:10     | Became a worshipper of Uskayaw the Reveller
 15726 | D:10     | Reached * piety under Uskayaw
 15728 | D:10     | Killed Urug
 15953 | D:10     | Paralysed by a hornet for 1 turns
 15957 | D:10     | Reached ** piety under Uskayaw
 16236 | D:10     | Killed Grum
 16236 | D:10     | Reached *** piety under Uskayaw
 16237 | D:10     | Reached **** piety under Uskayaw
 16443 | D:11     | Found a broken altar of Ashenzari.
 16513 | D:11     | Noticed a cyclops
 16521 | D:11     | Killed a cyclops
 16522 | D:11     | Reached skill level 10 in Armour
 16808 | D:11     | Found a runed translucent gate.
 16808 | D:11     | Found a runed translucent gate.
 16808 | D:11     | Found a runed translucent gate.
 16809 | D:11     | Noticed innerfire433's ghost (journeyman DsMo)
 17121 | D:12     | Noticed a manticore
 17137 | D:12     | Reached ***** piety under Uskayaw
 17149 | D:12     | Killed a manticore
 17150 | D:12     | Reached skill level 15 in Axes
 17618 | D:12     | Noticed a death yak
 17644 | D:12     | Killed a death yak
 17667 | D:12     | Noticed a two-headed ogre
 17822 | D:12     | Killed a two-headed ogre
 17889 | D:12     | Found a roughly hewn altar of Beogh.
 17889 | D:12     | Found a staircase to the Orcish Mines.
 18135 | D:12     | Noticed a manticore
 18143 | D:12     | Gained mutation: You have large cloven feet. [potion of
                  | mutation]
 18143 | D:12     | Gained mutation: You have hoof-like feet. [potion of
                  | mutation]
 18143 | D:12     | Gained mutation: You are agile. (Dex +4, Str/Int -1)
                  | [potion of mutation]
 18161 | D:12     | Killed a manticore
 18166 | D:12     | Reached ****** piety under Uskayaw
 18420 | D:12     | Reached XP level 12. HP: 91/105 MP: 12/12
 18430 | D:12     | Reached skill level 16 in Axes
 18905 | D:12     | Noticed an eight-headed hydra
 19078 | D:12     | Noticed a five-headed hydra
 19154 | D:12     | Killed a five-headed hydra
 19155 | D:12     | Reached skill level 10 in Fighting
 19532 | D:13     | Noticed a centaur warrior
 20395 | D:13     | Found Noesyxt's Book Emporium.
 20401 | D:13     | Found Homalal's Antique Weapon Shop.
 20544 | D:13     | Killed a centaur warrior
 20922 | D:13     | Noticed a five-headed hydra
 20938 | D:13     | Killed an 11-headed hydra
 21283 | D:13     | Found Juerchie's General Store.
 21462 | D:13     | Found Acietaet's Weapon Emporium.
 21478 | D:13     | Noticed Josephine
 21788 | D:13     | Killed Josephine
 21973 | D:13     | Found Viusoss's Weapon Shoppe.
 22692 | D:14     | Reached skill level 5 in Stealth
 22692 | D:14     | Reached XP level 13. HP: 101/115 MP: 13/13
 22777 | D:14     | Found Piseifre's Book Shoppe.
 22804 | D:14     | Noticed a vault guard
 22804 | D:14     | Noticed a vault guard
 22806 | D:14     | Noticed a vault guard
 22808 | D:14     | Noticed a vault guard
 22826 | D:13     | HP: 5/174 [vault guard/+0 great mace (16)]
 22836 | D:13     | Killed a vault guard
 22837 | D:13     | Reached skill level 17 in Axes
 23192 | D:13     | Upgraded the game from 0.30-a0-52-g86a8295270 to
                  | 0.30-a0-54-g2e61a25929
 23467 | D:2      | Bought a scroll of enchant weapon for 90 gold pieces
 23467 | D:2      | Bought a scroll of identify for 24 gold pieces
 23467 | D:2      | Bought a scroll of magic mapping for 90 gold pieces
 23467 | D:2      | Bought a scroll of fog for 48 gold pieces
 23467 | D:2      | Bought a scroll of vulnerability for 48 gold pieces
 23692 | Lair:1   | Entered Level 1 of the Lair of Beasts
 23991 | Lair:1   | Identified the +2 pair of boots of the Flute {rC+}
 24602 | Lair:1   | Slain by a 13-headed hydra

Illustrated notes

Levels and vault maps discovered:
D:1:      minmay_arrival_five_plusses, layout_basic, glass_columns_a
D:2:      layout_loops_cross, serial_shops, nicolae_shop_statue_plus
D:3:      layout_basic, mainiacjoe_overflow_surrounded_room,
          hellmonk_ecumenical_altar_run_dry, columned_hall_lemuel
D:4:      layout_cave_pools, fiery_altar_vehumet,
          minmay_temple_entry_glassed_door, uniq_sigmund
D:5:      layout_rooms, gammafunk_temple_overflow_pools
D:6:      layout_rooms, bh_walls_and_bars
D:7:      layout_basic, gammafunk_temple_overflow_arena, enter_bailey_2,
          lightli_corner_chamber
D:8:      layout_basic, nzn_makhleb_speed_demon, nicolae_gozag_seed_capital,
          gammafunk_ghost_grave, serial_bayou_lake_a, uniq_maurice
D:9:      layout_basic, lemuel_tele_altar
D:10:     layout_roguey, nicolae_uskayaw_dance_studio,
          grunt_lair_entry_orc_guard_hut, gammafunk_ghost_split, uniq_urug,
          uniq_grum
D:11:     layout_rooms, ebering_ghost_rock_garden, ashenzari_altar_1
D:12:     layout_basic, david_orc_5, serial_ice, serial_ice_o, serial_ice_b,
          serial_ice_c, serial_ice_i, serial_ice_h, serial_ice_g,
          portal_ice_cave_entry_pillars_1
D:13:     layout_cave_pools, serial_shops, nicolae_shop_behind_doors, shop,
          nicolae_take_the_stairs, shop_fountains, shop, uniq_josephine
D:14:     layout_long_grid, lightli_vaults_fourway_checkpoint,
          minmay_staircase_statues, serial_shops, nicolae_shop_waterfront, shop,
          kennysheep_little_box, nicolae_shop_hallway_plus,
          nicolae_shop_competitors_out_of_business, uniq_louise
Temple:   cyrus_circular_temple
Lair:1:   layout_small_grid, beast_lair_carwin_1

Skill      XL: |  1  2  3  4  5  6  7  8  9 10 11 12 13 |
---------------+----------------------------------------+-----
Fighting       | 4 5 6 7 8 9 10 11 | 11.3
Axes           | 3 4 5 6 7 9 11 13 15 16 17 | 17.1
Armour         | 4 5 6 7 8 9 10 11 | 11.7
Shields        | 4 5 6 7 |  7.8
Dodging        | 1 2 3 4 |  4.8
Stealth        | 1 3 5 |  5.5
Throwing       | 2 3 |  3.0
Evocations     | |  0.2

Action                   |  1- 3 |  4- 6 |  7- 9 | 10-12 | 13-15 || total
-------------------------+-------+-------+-------+-------+-------++-------
Melee: War axe           |    85 |    91 |   430 |   610 |    94 ||  1310
Throw: Boomerang         |       |       |    16 |    13 |     4 ||    33
Evoke: Phantom mirror    |       |       |       |     2 |       ||     2
  Use: Scroll            |     1 |     3 |     5 |    14 |     5 ||    28
       Potion            |       |     1 |       |     8 |     7 ||    16
 Stab: Paralysed         |       |       |       |    25 |     6 ||    31
Armor: Scale mail        |    36 |    44 |    83 |   263 |    38 ||   464
       Ice dragon scales |       |       |   121 |       |       ||   121
       Skin              |       |       |       |    26 |     4 ||    30
Dodge: Dodged            |    25 |    59 |   222 |   269 |    63 ||   638
Block: Buckler           |    20 |    29 |   112 |   143 |    22 ||   326

Table legend: (Time is in decaauts)
 A = Elapsed time spent in this place.
 B = Non-inter-level travel time spent in this place.
 C = Inter-level travel time spent in this place.
 D = Time resting spent in this place.
 E = Time spent auto-exploring this place.
 F = Levels seen in this place.
 G = Mean time per level.
                   A        B        C        D        E       F      G
               +--------+--------+--------+--------+--------+-----+--------+
         Total |  24641 |  23510 |   1131 |  11139 |   3837 |  17 | 1449.5 |
       Dungeon |  22723 |  21601 |   1122 |  10439 |   3765 |  14 | 1623.1 |
        Temple |     94 |     86 |      8 |      0 |     72 |   1 |   94.0 |
          Lair |    843 |    843 |      0 |    144 |      0 |   1 |  843.0 |
        Bailey |    979 |    979 |      0 |    556 |      0 |   1 |  979.0 |
               +--------+--------+--------+--------+--------+-----+--------+

Top non-repeatable levels by time:
    D:12: 2908 daAuts
     D:7: 2500 daAuts
    D:13: 2132 daAuts
     D:8: 1943 daAuts
     D:4: 1848 daAuts
     D:5: 1743 daAuts
    D:10: 1735 daAuts
     D:9: 1642 daAuts
     D:3: 1459 daAuts
    D:11: 1236 daAuts
     D:1: 1104 daAuts
     D:6: 1007 daAuts
  Bailey: 979 daAuts
     D:2: 928 daAuts
  Lair:1: 843 daAuts
